 Dungeon Crawl Stone Soup version 0.30-a0-587-gfd7c166f36 (webtiles) character file.

Game seed: 10592495808348329167

3756 Citaku the Blocker (level 9, -4/83 HPs)
             Began as a Minotaur Fighter on Jan 4, 2023.
             Was an Initiate of Wu Jian.
             Succumbed to Amaemon's poison
             ... on level 8 of the Dungeon.
             The game lasted 00:16:49 (7337 turns).

Citaku the Blocker (Minotaur Fighter)               Turns: 7337, Time: 00:16:50

Health: -4/83      AC:  8    Str: 24    XL:     9   Next: 94%
Magic:  1/8        EV: 10    Int:  7    God:    Wu Jian [......]
Gold:   327        SH:  7    Dex: 18    Spells: 8/8 levels left

rFire   + . .      SeeInvis .    a - +2 war axe (flame)
rCold   . . .      Faith    .    c - +0 buckler
rNeg    + + .      Spirit   +    u - +4 leather armour of Gunwamid {rN+ Int+2 Dex+7}
rPois   .          Reflect  .    (helmet restricted)
rElec   +          Harm     .    (no cloak)
rCorr   .          Rampage  .    (no gloves)
Will    .....                    (no boots) Stlth
                                 j - amulet "Yriufu" {Spirit rElec rN+}
HPRegen 0.33/turn                q - ring of protection from fire
MPRegen 0.11/turn                (no ring)

@: lethally poisoned (-4 -> -27), silenced, slowed, very slow
A: horns 2, retaliatory headbutt
a: Renounce Religion


You were on level 8 of the Dungeon.
You worshipped Wu Jian.
Wu Jian was noncommittal.
You visited 2 branches of the dungeon, and saw 9 of its levels.
You also visited: Bailey.

You collected 432 gold pieces.
You spent 105 gold pieces at shops.

Inventory:

Hand Weapons
 a - a +2 war axe of flaming (weapon)
Armour
 c - a +0 buckler (worn)
 u - the +4 leather armour of Gunwamid (worn) {rN+ Int+2 Dex+7}
   (You found it on level 4 of the Dungeon)

   Int:       It affects your intelligence (+2).
   Dex:       It affects your dexterity (+7).
   rN:        It protects you from negative energy.
Jewellery
 g - a +6 ring of intelligence
 j - the amulet "Yriufu" (around neck) {Spirit rElec rN+}
   (You found it on level 2 of the Dungeon)

   [amulet of guardian spirit]

   It causes incoming damage to be divided between your reserves of health and
   magic.
   rElec:     It insulates you from electricity.
   rN:        It protects you from negative energy.
 q - a ring of protection from fire (left hand)
Wands
 h - a wand of paralysis (3)
 l - a wand of quicksilver (4)
Scrolls
 e - a scroll of acquirement {unknown}
 f - 2 scrolls of immolation
 i - a scroll of fear
 k - 2 scrolls of enchant armour
 n - a scroll of vulnerability {unknown}
 o - a scroll of blinking
 p - 4 scrolls of amnesia
 t - 5 scrolls of teleportation
Potions
 b - a potion of invisibility


   Skills:
 + Level 9.3 Fighting
 + Level 8.9 Axes
 + Level 9.3 Armour
 + Level 9.4 Shields


You had 8 spell levels left.
You didn't know any spells.
Your spell library contained the following spells:

 Spells                   Type           Power      Damage    Failure   Level
 Summon Small Mammal      Summ           0%         N/A       54%         1
 Cigotuvi's Dreadful Rot  Necr/Pois/Air  0%         N/A       67%         2
 Poisonous Vapours        Pois/Air       0%         N/A       67%         2
 Call Canine Familiar     Summ           0%         N/A       88%         3
 Dazzling Flash           Conj/Hex       0%         N/A       88%         3
 Gell's Gravitas          Tloc           0%         N/A       88%         3
 Kindle Blastsparks       Fire/Tloc/Air  0%         2d10      88%         3
 Mephitic Cloud           Conj/Pois/Air  0%         N/A       88%         3
 Summon Guardian Golem    Hex/Summ       0%         N/A       88%         3
 Teleport Other           Tloc           0%         N/A       88%         3
 Fulminant Prism          Conj/Hex       0%         3d5       99%         4
 Iskenderun's Mystic Bla  Conj/Tloc      0%         2d3       99%         4
 Lee's Rapid Deconstruct  Erth           0%         3d4*      100%        5
 Dispersal                Tloc           0%         N/A       100%        6
 Starburst                Conj/Fire      0%         6d3       100%        6


Dungeon Overview and Level Annotations

Branches:
Dungeon (8/15)             Temple (1/1) D:4            Lair (0/5) D:8
 Bailey (visited)

Altars:
Ashenzari
Cheibriados
Elyvilon
Fedhas
Gozag
Hepliaklqana
Makhleb
Nemelex Xobeh
Okawaru
Trog
Uskayaw
Vehumet
Wu Jian
Yredelemnul

Shops:
D:3 *   D:7 ?

Annotations:
D:8 Amaemon


Innate Abilities, Weirdness & Mutations

You have a pair of horns on your head.
You reflexively headbutt those who attack you in melee.


Message History

You hit Amaemon but do no damage.
You feel sick.
The orange demon no longer looks unusually toxic.
Amaemon hits you with a -1 demon whip of venom.
You are more poisoned.
Amaemon barely misses you. You block Amaemon's attack.
You block the orc's attack. The orange demon closely misses you.
The orc completely misses you. The orange demon stings you from afar!
You are lethally poisoned!
The orange demon poisons you!
Amaemon hits you with a -1 demon whip of venom!
* * * LOW HITPOINT WARNING * * *
Amaemon claws you.
* * * LOW HITPOINT WARNING * * *
Amaemon misses you.
You feel better. Amaemon closely misses you. Amaemon claws you.
* * * LOW HITPOINT WARNING * * *
Amaemon barely misses you. The orc hits you but does no damage.
You block the orange demon's attack. The orc hits you with a +0 dagger.
The orange demon stings you from afar.
* * * LOW HITPOINT WARNING * * *
You are lethally poisoned!
The orange demon poisons you! You block Amaemon's attack.
Amaemon claws you but does no damage. Amaemon barely misses you.
You slash Amaemon! You burn Amaemon.
Amaemon is severely wounded.
You slash the orc! You burn the orc.
You kill the orc!
The Council accepts your kill.
* * * LOW HITPOINT WARNING * * *
You feel extremely sick.
Amaemon hits you with a -1 demon whip of venom.
* * * LOW HITPOINT WARNING * * *
You are more poisoned.
Amaemon claws you.
* * * LOW HITPOINT WARNING * * *
Amaemon closely misses you. The orange demon stings you from afar.
* * * LOW HITPOINT WARNING * * *
You slash Amaemon! You burn Amaemon!
Amaemon is almost dead.
You die...

...........+,,,,,,,,,,,,,,,,,,>*
...........#*#..........,,,,,,,*
#######....#
#..........,,,,,,,** ###**
#....# #..........,,,,,,,,,
...,* ###..#
#..........,,****,** ...,*
##.###..........,,* *,* ...,*
#..##..........,,****+** ###**
##..#.)).4.....,,*,,,,,, ≈≈##
##....@6#***,,,**,,,,,, ≈≈≈##
######.# ****,+,,,,,, .≈≈≈##
*.#** *,*,,,,,, ..≈≈≈##
*..,*****,****+** .8.≈≈≈#
*##.,,,**,* *,* '##8≈≈#########
*##*,,,,* *,** ..##≈≈≈.......#
***,,* *,,, ...##≈≈.......# *,,*
*,,, ##..#≈≈.......# *** *,,*
*,,,


You could see Amaemon and an orange demon.

Vanquished Creatures
  Pikel (D:5)
  A tengu conjurer (D:8)
  A wyvern (D:6)
  2 steam dragons
  A water moccasin (D:7)
  2 ice beasts
  5 orc warriors
  2 sky beasts
  An ogre (D:7)
  A centaur (D:7)
  2 phantoms (D:5)
  3 bullfrogs
  4 scorpions
  5 wights (D:7)
  2 howler monkeys (D:7)
  5 orc priests
  A jelly (D:4)
  A hound (D:5)
  2 iguanas
  Terence (D:3)
  4 orc wizards
  A gnoll (Bailey)
  3 adders
  A shadow imp (D:5)
  2 white imps (D:7)
  2 ufetubi (D:5)
  4 worms
  3 dart slugs
  42 orcs
  8 ball pythons
  A bat (D:1)
  5 endoplasms
  2 giant cockroaches
  20 goblins
  10 hobgoblins
  4 jackals (D:5)
  5 quokkas
  2 frilled lizards
  7 kobolds
  4 rats
  A spectral hobgoblin (D:7)
174 creatures vanquished.

Vanquished Creatures (others)
  17 fungi (D:7)
  5 plants (D:7)
22 creatures vanquished.

Grand Total: 196 creatures vanquished

Notes
Turn   | Place    | Note
-------+----------+-------------------------------------------
     0 | D:1      | Citaku the Minotaur Fighter began the quest for the Orb.
     0 | D:1      | Reached XP level 1. HP: 19/19 MP: 0/0
   751 | D:2      | Identified the amulet "Yriufu" {Spirit rElec rN+}
   809 | D:2      | Found a faded altar of an unknown god.
   821 | D:2      | Reached XP level 2. HP: 22/27 MP: 1/1
  1364 | D:3      | Found a white marble altar of Elyvilon.
  1436 | D:3      | Reached XP level 3. HP: 33/33 MP: 2/2
  1670 | D:3      | Found an iron altar of Okawaru.
  1670 | D:3      | Found a basalt altar of Yredelemnul.
  1722 | D:3      | Found Laeloil's General Store.
  1741 | D:3      | Noticed Terence
  1747 | D:3      | Killed Terence
  1750 | D:3      | Reached XP level 4. HP: 40/41 MP: 3/3
  1927 | D:3      | Reached XP level 5. HP: 42/47 MP: 4/4
  2307 | D:4      | Reached skill level 5 in Fighting
  2307 | D:4      | Reached skill level 5 in Armour
  2307 | D:4      | Reached skill level 5 in Shields
  2356 | D:4      | Reached XP level 6. HP: 19/56 MP: 3/5
  2530 | D:4      | Found a radiant altar of Vehumet.
  2534 | D:4      | Identified the +4 leather armour of Gunwamid {rN+ Int+2
                  | Dex+7}
  2873 | D:4      | Found a staircase to the Ecumenical Temple.
  2879 | Temple   | Entered the Ecumenical Temple
  3496 | D:5      | Entered Level 5 of the Dungeon
  3580 | D:5      | Reached skill level 5 in Axes
  3580 | D:5      | Reached XP level 7. HP: 11/62 MP: 1/6
  4136 | D:5      | Found a sparkling altar of Nemelex Xobeh.
  4136 | D:5      | Noticed Pikel
  4143 | D:5      | Killed Pikel
  4144 | D:5      | Reached XP level 8. HP: 68/73 MP: 5/7
  4172 | D:5      | Found a snail-covered altar of Cheibriados.
  4175 | D:5      | Found a bloodstained altar of Trog.
  4189 | D:5      | Found a broken altar of Ashenzari.
  4194 | D:5      | Found an opulent altar of Gozag.
  4200 | D:5      | Became a worshipper of Trog the Wrathful
  5125 | D:7      | Found a blossoming altar of Fedhas.
  5132 | D:7      | Reached XP level 9. HP: 76/81 MP: 6/8
  5155 | D:7      | Found Reiby's Magic Scroll Shoppe.
  5163 | D:7      | Bought a scroll of enchant weapon for 105 gold pieces
  5490 | D:7      | Found a flagged portal.
  5503 | Bailey   | Entered a bailey
  5566 | Bailey   | Reached * piety under Trog
  5655 | Bailey   | HP: 4/82 [orc warrior/+0 war axe (14)]
  5833 | Bailey   | Noticed an orc warlord
  5833 | Bailey   | Noticed an orc knight
  6354 | D:7      | Reached ** piety under Trog
  6429 | D:7      | Found a hazy altar of Hepliaklqana.
  6717 | D:7      | Found an ornate altar of the Wu Jian Council.
  6726 | D:7      | Fell from the grace of Trog
  6726 | D:7      | Became a worshipper of the Wu Jian Council
  7077 | D:8      | Noticed a +0 hand axe
  7089 | D:8      | Noticed a tengu conjurer
  7106 | D:8      | Killed a tengu conjurer
  7107 | D:8      | Noticed a +0 hand axe
  7206 | D:8      | Identified the +0 leather armour of Noone {Fly rC- rCorr
                  | Dex+2}
  7278 | D:8      | Found a hide-covered altar of Uskayaw.
  7323 | D:8      | Noticed an orange demon
  7324 | D:8      | Noticed Amaemon
  7336 | D:8      | HP: 4/83 [orange demon[Amaemon] (2)]
  7337 | D:8      | Succumbed to Amaemon's poison

Illustrated notes

Levels and vault maps discovered:
D:1:      tarquinn_simple_flora_water_d, layout_basic
D:2:      layout_loops_ring, dreamdust_ecumenical_altar_statues
D:3:      cheibrodos_greedy_goblins, layout_loops_cross,
          overflow_temple_1_default, gammafunk_temple_overflow_wave,
          serial_shops, nicolae_shop_behind_doors, uniq_terence
D:4:      layout_basic, mainiacjoe_overflow_paths, minmay_temple_entry_fiery,
          serial_rivers, chequers_serial_rivers_micro_a,
          chequers_serial_rivers_small_3, chequers_serial_rivers_large_a,
          chequers_serial_rivers_micro_b, hangedman_abyss_or_decor_stabs
D:5:      layout_rooms, nicolae_overflow_hallway_of_the_gods, uniq_pikel
D:6:      layout_loops_ring
D:7:      layout_loops_corners, mainiacjoe_overflow_chevrons,
          nicolae_hepliaklqana_monster_ancestors,
          pdpol_wu_jian_five_deadly_venoms, serial_shops, shop, enter_bailey_3,
          minmay_strange_pillars
D:8:      layout_basic, tso_altar, dancing_weapons_uskayaw, dpeg_oklobed_lair,
          enter_ossuary_5, kennysheep_island_fort, uniq_amaemon
Temple:   ebering_the_one_and_only

Skill      XL: |  1  2  3  4  5  6  7  8  9 |
---------------+----------------------------+-----
Shields        | 4 5 7 8 9 |  9.4
Armour         | 4 5 7 9 |  9.3
Fighting       | 4 5 7 9 |  9.3
Axes           | 3 4 5 6 7 8 |  8.9

Action                   |  1- 3 |  4- 6 |  7- 9 || total
-------------------------+-------+-------+-------++-------
Melee: War axe           |    52 |   108 |   233 ||   393
       Headbutt          |    11 |    16 |    34 ||    61
Invok: Lunge             |       |       |     1 ||     1
  Use: Potion            |     1 |       |    13 ||    14
       Scroll            |       |       |    18 ||    18
 Stab: Sleeping          |       |       |     1 ||     1
Armor: Scale mail        |    23 |    35 |       ||    58
       Leather armour    |       |    19 |    92 ||   111
Dodge: Dodged            |    36 |    47 |   115 ||   198
Block: Buckler           |     9 |    34 |    90 ||   133

Table legend: (Time is in decaauts)
 A = Elapsed time spent in this place.
 B = Non-inter-level travel time spent in this place.
 C = Inter-level travel time spent in this place.
 D = Time resting spent in this place.
 E = Time spent auto-exploring this place.
 F = Levels seen in this place.
 G = Mean time per level.
                   A        B        C        D        E       F      G
               +--------+--------+--------+--------+--------+-----+--------+
         Total |   7443 |   7443 |      0 |    609 |   4986 |  10 |  744.3 |
       Dungeon |   7052 |   7052 |      0 |    464 |   4986 |   8 |  881.5 |
        Temple |      1 |      1 |      0 |      0 |      0 |   1 |    1.0 |
        Bailey |    389 |    389 |      0 |    145 |      0 |   1 |  389.0 |
               +--------+--------+--------+--------+--------+-----+--------+

Top non-repeatable levels by time:
     D:7: 1586 daAuts
     D:4: 1421 daAuts
     D:6: 825 daAuts
     D:5: 821 daAuts
     D:3: 780 daAuts
     D:1: 693 daAuts
     D:2: 663 daAuts
  Bailey: 389 daAuts
     D:8: 259 daAuts
  Temple: 1 daAuts
